 Dungeon Crawl Stone Soup version 0.19.5 (webtiles) character file.

10691 HeyBub the Carver (level 11, -3/84 HPs)
             Began as a Human Monk on Mar 25, 2017.
             Was a High Priest of the Shining One.
             Slain by a fire bat (6 damage)
             ... on level 1 of the Abyss.
             The game lasted 00:32:57 (9537 turns).

HeyBub the Carver (Human Monk)                      Turns: 9537, Time: 00:32:57

Health: -3/84      AC: 19    Str: 15    XL:     11   Next: 97%
Magic:  15/15      EV:  2    Int: 11    God:    the Shining One [*****.]
Gold:   453        SH:  0    Dex: 15    Spells: 0 memorised, 15 levels left

rFire  . . .     SeeInvis .     y - +5 shortbow (flame)
rCold  . . .     Gourm    .     s - +0 crystal plate armour
rNeg   + + .     Faith    .     (shield currently unavailable)
rPois  .         Spirit   .     n - +2 hat
rElec  .         Reflect  .     (no cloak)
rCorr  .         Harm     .     (no gloves)
MR     .....                    (no boots)
Stlth  ..........               j - amulet of regeneration
                                (no ring)
                                (no ring)

@: glowing
A: no striking features
a: Divine Shield, Cleansing Flame, Summon Divine Warrior, Renounce Religion


You were on level 1 of the Abyss.
You worshipped the Shining One.
The Shining One was extremely pleased with you.
You were not hungry.

You visited 1 branch of the dungeon, and saw 10 of its levels.
You visited the Abyss 1 time.

You collected 453 gold pieces.

Inventory:

Hand Weapons
 a - a +0 falchion
 p - a +0 long sword
 y - a +5 shortbow of flaming (weapon)
 H - a +0 scimitar
Missiles
 x - 169 arrows (quivered)
 B - 13 tomahawks
Armour
 b - a +0 robe
 n - a +2 hat (worn)
 s - a +0 crystal plate armour (worn)
 M - a +1 ring mail of fire resistance
Jewellery
 j - an amulet of regeneration (around neck)
Wands
 v - a wand of polymorph (13/24)
 z - a wand of enslavement (4/24)
 K - a wand of lightning (11/15)
Scrolls
 c - 7 scrolls of remove curse
 d - 2 scrolls of teleportation {unknown}
 i - 3 scrolls of fear {unknown}
 k - 2 scrolls of magic mapping
 l - 2 scrolls of enchant armour {unknown}
 m - a scroll of summoning {unknown}
 o - 3 scrolls of blinking {unknown}
 q - 2 scrolls of recharging
 u - a scroll of noise {unknown}
 A - a scroll of immolation {unknown}
 C - 3 scrolls of amnesia {unknown}
 E - 2 scrolls of acquirement {unknown}
 I - a scroll of fog {unknown}
 J - a scroll of vulnerability {unknown}
Potions
 r - a potion of agility
 t - 2 potions of mutation
Books
 g - a book of Flames

   Spells                             Type                      Level
   a - Flame Tongue                   Conjuration/Fire             1
   b - Throw Flame                    Conjuration/Fire             2
   c - Conjure Flame                  Conjuration/Fire             3
   d - Inner Flame                    Hexes/Fire                   3
   e - Sticky Flame                   Conjuration/Fire             4
   f - Fireball                       Conjuration/Fire             5
Miscellaneous
 e - a sack of spiders
Comestibles
 f - 5 meat rations
 w - a beef jerky
 D - a slice of pizza
 F - 3 fruits
 G - 11 bread rations


   Skills:
 * Level 7.6 Fighting
 + Level 10.5 Long Blades
 + Level 9.2 Bows
 + Level 3.0 Throwing
 * Level 6.2 Armour
 * Level 5.8 Dodging
 + Level 4.7 Stealth
 + Level 3.0 Unarmed Combat
 + Level 2.7 Spellcasting
 + Level 3.5 Invocations
 + Level 3.0 Evocations


You had 15 spell levels left.
You didn't know any spells.

Dungeon Overview and Level Annotations

Branches:
Dungeon (10/15)            Temple (0/1) D:5             Orc (0/2) D:10
   Lair: D:8-11

Altars:
Ashenzari
Gozag
Trog
The Shining One
Beogh

Shops:
D:4 =

Annotations:
D:10 Sonja


Message History

Your soldier ant stings the bone dragon but does no damage.
The fire bat bites you but does no damage.
The fire bat bites you but does no damage. x2
The fire bat barely misses you.
Your worker ant bites the bone dragon but does no damage.
The fire bat barely misses your soldier ant.
The fire bat bites you but does no damage.
Your soldier ant disappears in a puff of smoke!
The fire bat bites you but does no damage.
The fire bat bites you.
* * * LOW HITPOINT WARNING * * *
You are engulfed in flames!
* * * LOW HITPOINT WARNING * * *
The fire bat bites you but does no damage. x2
Your worker ant bites the bone dragon but does no damage.
The fire bat bites your soldier ant but does no damage.
The fire bat bites you.
* * * LOW HITPOINT WARNING * * *
You are engulfed in flames.
You die...

# #..# .. ...... .. ..
. # #...###.....##..###
#. ###
#...##..#...##..# # ###
#............ # .# .
###...##...... .# . ...
#.....##...#...
.......#..........##.##
# #.........a?b...#.._#
#.....)..aaDb@.!.....
#..........b.#..###.. .
.......##.b##...#
...... ..)..........
......#..........#..#
.##.)###.##..#..##..#
#.. ##.####.... ..# ..
. ..... .# # ..


You could see a bone dragon, 4 fire bats, 2 friendly soldier ants and a friendly
worker ant.

Vanquished Creatures
  Harold (D:10)
  The ghost of antares the Spear-Bearer, a novice MfGl of Okawaru (D:8)
  2 hill giants
  The ghost of DarkwingDuck the Cruncher, a novice FoAK of Lugonu (D:10)
  An elephant (D:10)
  A troll (D:9)
  2 hippogriffs (D:9)
  A spriggan (D:8)
  A hungry ghost (D:8)
  The ghost of HeyBub the Slasher, an amateur HuMo (D:3)
  A water moccasin (D:9)
  A necrophage (D:6)
  2 black bears
  3 sky beasts
  An ice beast (D:6)
  8 ogres
  3 phantoms
  3 orc warriors
  7 centaurs
  4 big kobolds
  10 bullfrogs
  2 scorpions
  A wight (D:4)
  15 killer bees
  3 howler monkeys
  4 bullfrog zombies
  9 hounds
  An orc wizard (D:9)
  A centaur skeleton (D:8)
  5 orc priests
  2 jellies
  2 iguanas
  A bullfrog skeleton (D:9)
  9 worker ants
  A mummy (D:8)
  3 worker ant zombies
  16 adders
  3 gnolls (D:6)
  A howler monkey skeleton (D:4)
  A shadow imp (D:8)
  An ooze (D:7)
  An adder skeleton (D:4)
  4 worms
  2 dart slugs
  5 leopard geckos
  18 orcs
  3 giant cockroaches
  11 goblins
  5 hobgoblins
  2 jackals (D:8)
  17 kobolds
  3 quokkas
  2 ball pythons
  7 bats
  4 frilled lizards
  A giant cockroach zombie (D:5)
  A hobgoblin zombie (D:8)
  2 kobold zombies (D:8)
  A leopard gecko skeleton (D:4)
  An orc zombie (D:8)
  9 rats
235 creatures vanquished.

Vanquished Creatures (others)
  A gargoyle (D:10)
1 creature vanquished.

Grand Total: 236 creatures vanquished

Notes
Turn   | Place    | Note
-------+----------+-------------------------------------------
     0 | D:1      | HeyBub the Human Monk began the quest for the Orb.
     0 | D:1      | Reached XP level 1. HP: 18/18 MP: 1/1
   183 | D:1      | Reached XP level 2. HP: 24/24 MP: 2/2
   816 | D:2      | Reached XP level 3. HP: 29/29 MP: 3/3
   993 | D:2      | Found a glowing golden altar of the Shining One.
  1069 | D:2      | Became a worshipper of the Shining One
  1069 | D:2      | Reached * piety under the Shining One
  1069 | D:2      | Reached ** piety under the Shining One
  1093 | D:2      | Reached XP level 4. HP: 9/35 MP: 4/4
  1147 | D:2      | Reached skill level 4 in Long Blades
  1819 | D:3      | Noticed a centaur
  1841 | D:3      | Killed a centaur
  1841 | D:3      | Reached skill level 5 in Long Blades
  1841 | D:3      | Reached XP level 5. HP: 37/41 MP: 5/5
  1962 | D:3      | Reached XP level 6. HP: 41/47 MP: 6/6
  2197 | D:3      | Noticed HeyBub's ghost (amateur HuMo)
  2241 | D:3      | Killed HeyBub's ghost
  2241 | D:3      | Reached skill level 6 in Long Blades
  2241 | D:3      | Reached skill level 1 in Armour
  2241 | D:3      | Reached XP level 7. HP: 47/53 MP: 7/7
  2623 | D:4      | Found Womurgh's Jewellery Boutique.
  2732 | D:4      | Reached skill level 1 in Bows
  3347 | D:5      | Entered Level 5 of the Dungeon
  3349 | D:5      | Found a staircase to the Ecumenical Temple.
  3453 | D:5      | Reached XP level 8. HP: 55/60 MP: 8/8
  3475 | D:5      | Reached *** piety under the Shining One
  3561 | D:5      | Reached skill level 7 in Long Blades
  4054 | D:5      | Reached skill level 5 in Fighting
  4054 | D:5      | Reached skill level 9 in Long Blades
  4054 | D:5      | Reached XP level 9. HP: 68/68 MP: 8/13
  4660 | D:6      | Reached XP level 10. HP: 57/75 MP: 14/14
  5602 | D:7      | Noticed a hill giant
  5607 | D:7      | Killed a hill giant
  6136 | D:8      | Noticed antares's ghost (novice MfGl)
  6136 | D:8      | Reached **** piety under the Shining One
  6241 | D:8      | Killed antares's ghost
  6347 | D:8      | Found a bloodstained altar of Trog.
  6888 | D:8      | Reached XP level 11. HP: 75/83 MP: 15/15
  7371 | D:9      | Found a shattered altar of Ashenzari.
  7575 | D:9      | Reached skill level 10 in Long Blades
  7834 | D:9      | Reached skill level 5 in Armour
  8109 | D:9      | Reached skill level 5 in Dodging
  8632 | D:9      | Found an opulent altar of Gozag.
  8766 | D:10     | Entered Level 10 of the Dungeon
  8863 | D:10     | Noticed Sonja
  8995 | D:10     | Found a staircase to the Orcish Mines.
  9001 | D:10     | Found a roughly hewn altar of Beogh.
  9001 | D:10     | Noticed a hill giant
  9032 | D:10     | Killed a hill giant
  9124 | D:10     | Noticed Harold
  9131 | D:10     | Noticed DarkwingDuck's ghost (novice FoAK)
  9179 | D:10     | Killed DarkwingDuck's ghost
  9182 | D:10     | Killed Harold
  9234 | D:10     | Noticed an elephant
  9265 | D:10     | Killed an elephant
  9400 | D:10     | Cast into level 1 of the Abyss (Sonja)
  9488 | Abyss:1  | Noticed a bone dragon
  9518 | Abyss:1  | Found a sacrificial altar of Ru.
  9526 | Abyss:1  | Reached ***** piety under the Shining One
  9536 | Abyss:1  | HP: 4/84 [fire bat (8)]
  9537 | Abyss:1  | Slain by a fire bat

Skill      XL: |  1  2  3  4  5  6  7  8  9 10 11 |
---------------+----------------------------------+-----
Long Blades    | 5 6 9 10 | 10.5
Stealth        | 3 4 |  4.7
Armour         | 1 4 6 |  6.2
Bows           | 2 6 8 9 |  9.2
Fighting       | 4 5 6 7 |  7.6
Throwing       | 3 |  3.0
Dodging        | 4 5 |  5.8
Unarmed Combat | 3 |  3.0
Spellcasting   | 2 |  2.7
Invocations    | 3 |  3.5
Evocations     | 3 |  3.0

Action                   |  1- 3 |  4- 6 |  7- 9 | 10-12 || total
-------------------------+-------+-------+-------+-------++-------
Melee: Falchion          |    63 |   163 |   166 |   477 ||   869
       Punch             |       |       |       |     4 ||     4
 Fire: Shortbow          |       |       |   117 |   295 ||   412
Invok: Cleansing Flame   |       |       |       |     2 ||     2
Evoke: Sack of spiders   |       |       |       |     4 ||     4
       Wand              |       |       |       |     3 ||     3
  Use: Scroll            |     3 |       |     6 |    11 ||    20
       Potion            |       |       |     2 |    12 ||    14
 Stab: Sleeping          |     8 |       |       |       ||     8
  Eat: Bread ration      |       |     2 |       |       ||     2
       Meat ration       |       |       |     2 |     3 ||     5
Armor: Robe              |     7 |    11 |       |       ||    18
       Crystal plate arm |       |   142 |   159 |   496 ||   797
       Skin              |       |       |       |     1 ||     1
Dodge: Dodged            |    50 |    43 |     2 |    57 ||   152
       Rpst.: Falchion   |    18 |    13 |       |    11 ||    42
